 Dungeon Crawl Stone Soup version 0.29.1-1-gd02db6906a (webtiles) character file.

Game seed: 17989047208118270370

1148 Sanktem7 the Fighter (level 8, -1/78 HPs)
             Began as a Minotaur Fighter on Oct 3, 2022.
             Was a Follower of Okawaru.
             Killed from afar by an orc (17 damage)
             ... with an iceblast
             ... on level 6 of the Dungeon.
             The game lasted 00:11:08 (4651 turns).

Sanktem7 the Fighter (Minotaur Fighter)             Turns: 4651, Time: 00:11:09

Health: -1/78      AC:  6    Str: 25    XL:     8   Next: 15%
Magic:  7/7        EV: 10    Int:  2    God:    Okawaru [*.....]
Gold:   283        SH:  5    Dex: 10    Spells: 7/7 levels left

rFire   . . .      SeeInvis .   a - +0 war axe (flame) {axe}
rCold   . . .      Faith    .   c - +1 buckler
rNeg    . . .      Spirit   .   h - +3 leather armour of Unreason {rElec Will+++ Str+2 Int-3}
rPois   .          Reflect  .   (helmet restricted)
rElec   +          Harm     .   (no cloak)
rCorr   .          Rampage  .   (no gloves)
Will    +++..                   (no boots)
Stlth   +.........              (no amulet)
HPRegen 0.23/turn               (no ring)
MPRegen 0.10/turn               (no ring)

@: no status effects
A: horns 2, retaliatory headbutt
a: Renounce Religion, Heroism


You were on level 6 of the Dungeon.
You worshipped Okawaru.
Okawaru was aware of your devotion.
You visited 2 branches of the dungeon, and saw 7 of its levels.

You collected 283 gold pieces.


Innate Abilities, Weirdness & Mutations

You have a pair of horns on your head.
You reflexively headbutt those who attack you in melee.


   Skills:
 * Level 9.0 Fighting
 * Level 8.5 Axes
 - Level 3.6 Armour
 - Level 3.6 Shields


You had 7 spell levels left.
You didn't know any spells.
Your spell library contained the following spells:

 Spells                   Type           Power      Damage    Failure   Level
 Sandblast                Erth           0%         2d4       69%         1
 Passwall                 Tmut/Erth      0%         N/A       83%         2
 Gell's Gravitas          Tloc           0%         N/A       96%         3
 Stone Arrow              Conj/Erth      0%         3d7       96%         3
 Teleport Other           Tloc           0%         N/A       96%         3
 Dispersal                Tloc           0%         N/A       100%        6

Inventory:

Hand Weapons
 a - a +0 war axe of flaming (weapon) {axe}
Missiles
 g - 3 javelins {throwing}
 i - 34 stones (quivered) {throwing}
 u - 4 poisoned darts {throwing}
Armour
 c - a +1 buckler (worn)
 h - the +3 leather armour of Unreason (worn) {rElec Will+++ Str+2 Int-3}
   (You found it on level 3 of the Dungeon)

   Str:       It affects your strength (+2).
   Int:       It affects your intelligence (-3).
   rElec:     It insulates you from electricity.
   Will:      It greatly increases your willpower.
Jewellery
 n - a ring of protection from fire
   (You found it on level 3 of the Dungeon)
Scrolls
 b - 2 scrolls of amnesia
 f - a scroll of fear
 j - 2 scrolls of enchant weapon {unknown}
 o - a scroll of brand weapon
 s - 2 scrolls of magic mapping {!r}
 t - a scroll of identify {@r1}
Potions
 d - 2 potions of might
 e - 3 potions of heal wounds {unknown}
 k - 5 potions of cancellation {unknown}
 l - 3 potions of curing {@q1}
 m - 2 potions of attraction {unknown}
 p - 2 potions of brilliance {unknown}
 q - a potion of haste {unknown}
 r - a potion of lignification {unknown}
 v - a potion of magic {unknown}
 w - a potion of mutation {unknown}

Dungeon Overview and Level Annotations

Branches:
Dungeon (6/15) Zot: 26926  Temple (1/1) D:5 Zot: 5861

Altars:
Ashenzari
Cheibriados
Dithmenos
Elyvilon
Gozag
Makhleb
Nemelex Xobeh
Okawaru
Qazlal
Ru
Sif Muna
Trog
Vehumet
Wu Jian
Zin
The Shining One

Shops:
D:6

((=* ..?..#......#
#..[oo#...#
#.###.#...#
#..!..#...#
.....#..).o.##########
.### #.###.o.#........
#....K....# #..#
.....#...##.# #..#
.### #.@.##.##### #..#
#..........# #..#
............# #..#
..###.........# #..##
#.
............####.... #
..................#.
......>........#....
#.##.............#.#
#. #.......#.#......


You could see an orc warrior, a kobold brigand and an orc.


Message History

The orc warrior hits you with a +0 flail.
You are too injured to fight recklessly! 😮 HP[-6]
You take 6 damage, and now have 58/78 hp.
You are too injured to fight recklessly!
You are too injured to fight recklessly!
You are too injured to fight recklessly!
You are too injured to fight recklessly!
You are too injured to fight recklessly!
You are too injured to fight recklessly!
You are too injured to fight recklessly!
You are too injured to fight recklessly!
You are too injured to fight recklessly!
You are too injured to fight recklessly!
You are too injured to fight recklessly!
You are too injured to fight recklessly!
You are too injured to fight recklessly!
You are too injured to fight recklessly!
You are too injured to fight recklessly!
You are too injured to fight recklessly!
You are too injured to fight recklessly!
You are too injured to fight recklessly!
You are too injured to fight recklessly!
You are too injured to fight recklessly!
You are too injured to fight recklessly!
You are too injured to fight recklessly!
You are too injured to fight recklessly!
You barely miss the orc warrior. You block the orc warrior's attack.
The orc warrior hits you with a +0 flail!
The orc hits you with a +0 flail. 😮 HP[-10]
You take 10 damage, and now have 48/78 hp.
You hit the orc warrior. You burn the orc warrior.
You headbutt the orc warrior! You slash the orc! You burn the orc.
You kill the orc!
Okawaru accepts your kill.
The orc warrior hits you with a +0 flail!!
* * * LOW HITPOINT WARNING * * *
😨 HP[-17]
You take 17 damage, and now have 31/78 hp.
MASSIVE DAMAGE!! (PAUSE)
You barely miss the kobold brigand.
The kobold brigand hits you with a +0 dagger.
* * * LOW HITPOINT WARNING * * *
😨 HP[-2]
You take 2 damage, and now have 29/78 hp.
You hit the kobold brigand but do no damage.
The kobold brigand closely misses you.
You hit the kobold brigand. You burn the kobold brigand.
You headbutt the kobold brigand, but do no damage.
The kobold brigand hits you with a +0 dagger.
* * * LOW HITPOINT WARNING * * *
😨 HP[-4]
You take 4 damage, and now have 25/78 hp.
You hit the kobold brigand but do no damage.
The kobold brigand barely misses you. 😨 HP[+1]
You closely miss the kobold brigand.
You headbutt the kobold brigand, but do no damage.
An orc comes into view.
It is wielding a +0 falchion and carrying a wand of iceblast (4).
The kobold brigand hits you with a +0 dagger.
* * * LOW HITPOINT WARNING * * *
😨 HP[-2]
You take 2 damage, and now have 24/78 hp.
The orc shouts!
You hit the kobold brigand but do no damage.
The kobold brigand hits you with a +0 dagger!
* * * LOW HITPOINT WARNING * * *
😱 HP[-7]
You take 7 damage, and now have 17/78 hp.
Things that are here:
a +0 giant club {mace}; a +0 giant club {mace} 😱 HP[+1]
The kobold brigand attacks as you move away!
The kobold brigand hits you with a +0 dagger.
* * * LOW HITPOINT WARNING * * *
😱 HP[-1]
You take 1 damage, and now have 17/78 hp.
The kobold brigand barely misses you. You furiously retaliate!
You headbutt the kobold brigand.
The kobold brigand hits you with a +0 dagger.
* * * LOW HITPOINT WARNING * * *
😱 HP[-3]
You take 3 damage, and now have 14/78 hp.
The kobold brigand throws a poisoned dart.
The poisoned dart hits you!
You are poisoned. 😱 HP[+1]
You feel sick.
The orc zaps a wand.
The mass of ice explodes!
The iceblast engulfs you!
* * * LOW HITPOINT WARNING * * *
😱 HP[-10]
You take 10 damage, and now have 5/78 hp.
You feel better. 😱 HP[+11]
You regained 11 hp, and now have 16/78 hp.
The orc zaps a wand.
The mass of ice explodes!
The iceblast engulfs you!
You die...

Skill      XL: |  1  2  3  4  5  6  7  8 |
---------------+-------------------------+-----
Fighting       | 4 5 6 7 8 9 |  9.0
Axes           | 3 4 5 6 8 |  8.5
Armour         | |  3.6
Shields        | |  3.6

Action                   |  1- 3 |  4- 6 |  7- 9 || total
-------------------------+-------+-------+-------++-------
Melee: War axe           |    97 |    79 |    48 ||   224
       Headbutt          |    12 |    17 |     7 ||    36
  Use: Scroll            |       |     7 |     1 ||     8
       Potion            |       |       |     1 ||     1
Armor: Scale mail        |    53 |       |       ||    53
       Leather armour    |     4 |    22 |     7 ||    33
Dodge: Dodged            |    56 |    39 |    18 ||   113
Block: Buckler           |    26 |    27 |     8 ||    61

Levels and vault maps discovered:
D:1:      eino_arrival_water_cross, layout_loops_ring,
          shapermc_ecumenical_altar_notcrosses, minivault_14,
          columned_hall_lemuel, dreamdust_princess_bridge
D:2:      layout_basic
D:3:      layout_basic, minmay_misc_feat_pillars, minmay_fountain_box
D:4:      layout_loops_ring, zin_academy, nrook_loot_triangle
D:5:      layout_rooms, minmay_temple_entry_butterflies, uniq_edmund
D:6:      hangedman_cross_stitches, layout_loops_ring,
          mainiacjoe_overflow_cross_hatched, mainiacjoe_overflow_paths,
          fedhas_bush_and_centaur_altar, minmay_shop_grid_forest,
          nicolae_shop_vocational
Temple:   regret_index_temple_waves

Notes
Turn   | Place    | Note
-------+----------+-------------------------------------------
     0 | D:1      | Sanktem7 the Minotaur Fighter began the quest for the Orb.
     0 | D:1      | Reached XP level 1. HP: 19/19 MP: 0/0
     0 | D:1      | magus.rc [v1.9.6]
   258 | D:1      | Reached skill level 4 in Fighting
   258 | D:1      | Reached XP level 2. HP: 27/27 MP: 1/1
   265 | D:1      | Reached skill level 3 in Axes
   576 | D:1      | Found a faded altar of an unknown god.
  1093 | D:2      | Reached XP level 3. HP: 34/34 MP: 2/2
  1557 | D:3      | Identified the +3 leather armour of Unreason {rElec Will+++
                  | Str+2 Int-3}
  1728 | D:3      | Reached skill level 4 in Axes
  1768 | D:3      | Reached skill level 5 in Fighting
  1768 | D:3      | Reached XP level 4. HP: 34/42 MP: 3/3
  2519 | D:4      | Noticed a necrophage
  2533 | D:4      | Killed a necrophage
  2534 | D:4      | Reached XP level 5. HP: 34/50 MP: 4/4
  2660 | D:4      | Reached skill level 5 in Axes
  2752 | D:4      | Found a glowing silver altar of Zin.
  2853 | D:4      | Identified the +0 leather armour of Mutualism {Regen+
                  | Stlth+}
  2866 | D:4      | Noticed a black bear
  2874 | D:4      | Killed a black bear
  2875 | D:4      | Reached skill level 6 in Fighting
  2875 | D:4      | Reached XP level 6. HP: 55/58 MP: 5/5
  3469 | D:5      | Entered Level 5 of the Dungeon
  3499 | D:5      | Reached skill level 6 in Axes
  3536 | D:5      | You pick up a book of Geomancy and begin reading...
  3536 | D:5      | You add the spells Sandblast, Passwall and Stone Arrow to
                  | your library.
  3552 | D:5      | You add the spells Gell's Gravitas, Teleport Other and
                  | Dispersal to your library.
  3567 | D:5      | Reached skill level 7 in Fighting
  3575 | D:5      | Reached XP level 7. HP: 64/66 MP: 6/6
  3666 | D:5      | Found a staircase to the Ecumenical Temple.
  3679 | D:5      | Reached skill level 7 in Axes
  3738 | Temple   | Entered the Ecumenical Temple
  3809 | Temple   | Became a worshipper of Warmaster Okawaru
  4203 | D:5      | Reached skill level 8 in Fighting
  4216 | D:5      | Noticed Edmund
  4228 | D:5      | HP: 5/68 [Edmund/+4 dire flail of protection (15)]
  4229 | D:5      | Killed Edmund
  4581 | D:6      | Found Kytuguod's Antique Weapon Emporium.
  4582 | D:6      | Found Bunibbox's Weapon Emporium.
  4583 | D:6      | Found Mukugem's Jewellery Emporium.
  4585 | D:6      | Found Kiadoekh's General Store.
  4625 | D:6      | Reached skill level 8 in Axes
  4625 | D:6      | Reached * piety under Okawaru
  4626 | D:6      | Reached XP level 8. HP: 73/77 MP: 7/7
  4630 | D:6      | Reached skill level 9 in Fighting
  4642 | D:6      | HP: 17/78 [kobold brigand/+0 dagger (7)]
  4647 | D:6      | HP: 14/78 [kobold brigand/+0 dagger (3)]
  4649 | D:6      | HP: 5/78 [orc/iceblast (8)]
  4651 | D:6      | Killed from afar by an orc

Vanquished Creatures
  Edmund (D:5)
  A black bear (D:4)
  3 ogres
  A phantom (D:5)
  2 bullfrogs
  A necrophage (D:4)
  2 scorpions (D:5)
  A hound (D:5)
  A jelly (D:4)
  3 iguanas
  2 orc wizards (D:5)
  2 adders
  A shadow imp (D:5)
  3 ufetubi
  2 worms
  2 dart slugs
  3 orcs
  4 bats
  8 endoplasms
  2 giant cockroaches
  4 goblins
  6 hobgoblins
  6 jackals
  6 quokkas
  3 ball pythons
  6 frilled lizards
  9 kobolds
  7 rats
92 creatures vanquished.

Vanquished Creatures (others)
  2 plants (D:1)
2 creatures vanquished.

Grand Total: 94 creatures vanquished

Table legend:
 A = Non-vault XP
 B = Vault XP
 C = Vault XP percentage of total XP
 D = Non-vault monster count
 E = Vault monster count
 F = Vault count percentage of total count
                 A         B        C        D         E       F
            +---------+---------+-------+---------+---------+-------
      Total |    1146 |     495 |  30.2 |      86 |       6 |   6.5
            +---------+---------+-------+---------+---------+-------
        D:1 |      26 |       0 |   0.0 |      16 |       0 |   0.0
        D:2 |      52 |       0 |   0.0 |      23 |       0 |   0.0
        D:3 |      70 |       0 |   0.0 |      18 |       0 |   0.0
        D:4 |     332 |       0 |   0.0 |      15 |       0 |   0.0
        D:5 |     666 |     162 |  19.6 |      14 |       1 |   6.7
        D:6 |       0 |     333 | 100.0 |       0 |       5 | 100.0
            +---------+---------+-------+---------+---------+-------

Illustrated notes

Table legend:
 A = Kills in this place as a percentage of kills in entire the game.
 B = Kills by you in this place as a percentage of kills by you in the entire game.
 C = Kills by friends in this place as a percentage of kills by friends in the entire game.
 D = Other kills in this place as a percentage of other kills in the entire game.
 E = Experience gained in this place as a percentage of experience gained in the entire game.
 F = Experience gained in this place divided by the number of levels of this place that you have seen.
                   A       B       C       D       E      F
               +-------+-------+-------+-------+-------+----------------------
         Total | 100.0 | 100.0 |   N/A |   N/A | 100.0 | 234.4
       Dungeon | 100.0 | 100.0 |   N/A |   N/A | 100.0 | 273.5
               +-------+-------+-------+-------+-------+----------------------

Table legend: (Time is in decaauts)
 A = Elapsed time spent in this place.
 B = Non-inter-level travel time spent in this place.
 C = Inter-level travel time spent in this place.
 D = Time resting spent in this place.
 E = Time spent auto-exploring this place.
 F = Levels seen in this place.
 G = Mean time per level.
                   A        B        C        D        E       F      G
               +--------+--------+--------+--------+--------+-----+--------+
         Total |   4716 |   4534 |    182 |      0 |   3855 |   7 |  673.7 |
       Dungeon |   4577 |   4461 |    116 |      0 |   3800 |   6 |  762.8 |
        Temple |    138 |     72 |     66 |      0 |     55 |   1 |  138.0 |
               +--------+--------+--------+--------+--------+-----+--------+

Top non-repeatable levels by time:
     D:5: 981 daAuts
     D:3: 975 daAuts
     D:4: 967 daAuts
     D:1: 868 daAuts
     D:2: 712 daAuts
  Temple: 138 daAuts
     D:6: 72 daAuts
